 Dungeon Crawl Stone Soup version 0.30-a0-870-gc5d4c5acee (webtiles) character file.

Game seed: 2330602271072842482

4 Morbidden the Conjurer (level 1, 9/9 HPs)
             Began as a Vine Stalker Conjurer on Mar 11, 2023.
             Was a Follower of Wu Jian.
             Quit the game on level 1 of the Dungeon.
             The game lasted 00:00:32 (209 turns).

Morbidden the Conjurer (Vine Stalker Conjurer)       Turns: 209, Time: 00:00:32

Health: 9/9        AC:  2    Str:  9    XL:     1   Next: 70%
Magic:  4/4        EV: 12    Int: 18    God:    Wu Jian [*.....]
Gold:   4          SH:  0    Dex: 12    Spells: 3/4 levels left

rFire   . . .      SeeInvis .    a - +0 dagger
rCold   . . .      Faith    .    (no shield)
rNeg    . . .      Spirit   +    e - +0 robe
rPois   .          Reflect  .    (no helmet)
rElec   .          Rampage  .    (no cloak)
rCorr   .                        (no gloves)
Will    .....                    (no boots)
Stlth   ++                       (no amulet)
HPRegen 0.21/turn                (no ring)
MPRegen 0.09/turn                (no ring)

@: no status effects
A: fangs 2, magic shield, antimagic bite, no potion heal 2
a: Renounce Religion


You were on level 1 of the Dungeon.
You worshipped Wu Jian.
Wu Jian was aware of your devotion.
You visited 1 branch of the dungeon, and saw 1 of its levels.

You collected 4 gold pieces.

Inventory:

Hand Weapons
 a - a +0 dagger (weapon)
Armour
 e - a +0 robe (worn)
Scrolls
 c - a scroll of identify {unknown}
 d - a scroll of vulnerability {unknown}
Potions
 b - a potion of magic
 f - a potion of brilliance {unknown}


   Skills:
 * Level 0.1 Armour
 * Level 1.5 Dodging
 + Level 2.4 Stealth
 * Level 2.1 Spellcasting
 * Level 4.2 Conjurations


You had 3 spell levels left.
You knew the following spells:

 Your Spells              Type           Power      Damage    Failure   Level
a - Magic Dart            Conj           68%        1d6       3%          1

Your spell library contained the following spells:

 Spells                   Type           Power      Damage    Failure   Level
 Searing Ray              Conj           34%        2d5       4%          2
 Dazzling Flash           Conj/Hex       18%        N/A       22%         3
 Fulminant Prism          Conj/Hex       4%         3d5       58%         4
 Iskenderun's Mystic Bla  Conj/Tloc      9%         2d4       58%         4


Dungeon Overview and Level Annotations

Branches:
Dungeon (1/15)

Altars:
Wu Jian


Innate Abilities, Weirdness & Mutations

You have extremely sharp teeth.
When hurt, damage is shared between your health and your magic reserves.
Your bite disrupts and absorbs the magic of your enemies.
Potions cannot restore your health.


Message History

Adjust to which letter? (? for menu, Esc to quit)
Huh?
Adjust to which letter? (? for menu, Esc to quit)
a - a +0 dagger;
e - a +0 robe (worn)
Unknown command.
a - a +0 dagger (weapon)
Unknown command.
HP restored.
You now have 4 gold pieces.
There is a faded altar of an unknown god here.
Found a chain mail.
Found a stone staircase leading down.
f - a brown potion A ball python comes into view.
Found a stone staircase leading down.
Unknown command.
Casting: Magic Dart (safe; 3% risk of failure)
Confirm with . or Enter, or press ? or * to list all spells.
Aiming: Magic Dart (safe; 3% risk of failure)
Press: ? - help, Shift-Dir - straight line, f - ball python
Aim: a ball python (asleep, 100% to hit)
The magic dart hits the ball python.
You kill the ball python!
Unknown command.
No target in view!
No target in view!
No target in view!
Search for what [? for help]? .
You see here a +0 chain mail.
There is a faded altar of an unknown god here.
Unknown command.
Press < or > to pray at altars.
This altar belongs to (a) Wu Jian, (b) Cheibriados or (c) Lugonu, but you can't tell which.
Press the corresponding letter to learn more about a god, or press enter to convert or escape to cancel.
Wu Jian accepts your prayer! The Council welcomes you!
You can now perform damaging attacks by moving towards foes.
You can now lightly attack monsters by moving around them.
Unknown command.
Press < or > to pray at altars.
Are you sure you want to abandon this character and quit the game? (Confirm with "yes".)

#....># #.#######
#.....###.## #.....##...##
#..#..#.###.## .### #...#.#
#..# ....##†#...###..#
#####.†...######.#
#...#.....#...##.#
#.⌠.#.....#.⌠.#.@###########
#...#.....#!..#............#
#####.....######.###.#####[#
.................###.#
#.######
.....).........##....#
#.......
.......<.......##.##.#
#.####..
.....................#####.#
#..
...........................#
#..
#####.....#######.....######
###


There were no monsters in sight!

Vanquished Creatures
  2 ball pythons (D:1)
  A bat (D:1)
  A kobold (D:1)
4 creatures vanquished.

Notes
Turn   | Place    | Note
-------+----------+-------------------------------------------
     0 | D:1      | Morbidden the Vine Stalker Conjurer began the quest for the
                  | Orb.
     0 | D:1      | Reached XP level 1. HP: 9/9 MP: 4/4
    40 | D:1      | Found a faded altar of an unknown god.
   208 | D:1      | Prayed at the altar of an unknown god.
   208 | D:1      | Became a worshipper of the Wu Jian Council
   208 | D:1      | Reached * piety under Wu Jian
   209 | D:1      | Quit the game

Illustrated notes

Levels and vault maps discovered:
D:1:      minmay_arrival_glassed_features, layout_loops_cross,
          basic_ecumenical_altar, chequers_arboretum, minmay_hedge_maze

Action                     || total
---------------------------++-------
  Melee: Unarmed           ||     9
         Bite              ||     2
   Cast: Magic Dart        ||    10
 Armour: Robe              ||     1
  Dodge: Dodged            ||     7

Table legend: (Time is in decaauts)
 A = Elapsed time spent in this place.
 B = Non-inter-level travel time spent in this place.
 C = Inter-level travel time spent in this place.
 D = Time resting spent in this place.
 E = Time spent auto-exploring this place.
 F = Levels seen in this place.
 G = Mean time per level.
                   A        B        C        D        E       F      G
               +--------+--------+--------+--------+--------+-----+--------+
         Total |    208 |    173 |     35 |      0 |    141 |   1 |  208.0 |
       Dungeon |    208 |    173 |     35 |      0 |    141 |   1 |  208.0 |
               +--------+--------+--------+--------+--------+-----+--------+

Top non-repeatable levels by time:
     D:1: 208 daAuts
